SAL
ROME BRAVES @ CHARLESTON RIVERDOGS
06/02/2099
 
TOP OF THE 1ST
Rome Braves batting - Pitching for Charleston RiverDogs : RHP Jim Unknown
Pitching: RHP Jim Unknown
Batting: LHB Brock Heitman 0-0: Ball
1-0: Ball
2-0: Called Strike
2-1: Called Strike
2-2: Foul Ball, location: 5SF
2-2: SINGLE (Line Drive, 9S, EV 103.1 MPH)
Batting: LHB Mitch McDonald 0-0: Called Strike
0-1: Fielders Choice at 2nd, 4-6 (Groundball, 4, EV 79.4 MPH)
Batting: RHB Kevin Gricus 0-0: Called Strike
Mitch McDonald steals 2nd base
0-1: Called Strike
0-2: Ball
1-2: Ball
2-2: Strikes out swinging
Batting: SHB Kyle Montgomery 0-0: Ball
1-0: Ball
2-0: Foul Ball, location: 9LDF
2-1: Swinging Strike
2-2: Ball
3-2: 2-RUN HOME RUN (Flyball, 89XD, EV 112.5 MPH), Distance : 439 ft
Batting: LHB Justin Swartz 0-0: Fly out, F3 (Popup, 34, EV 60.6 MPH)
Top of the 1st over - 2 runs, 2 hits, 0 errors, 0 left on base; Rome 2 - Charleston 0
BOTTOM OF THE 1ST
Charleston RiverDogs batting - Pitching for Rome Braves : RHP Greg Gilbert
Pitching: RHP Greg Gilbert
Batting: RHB Jim Unknown 0-0: Called Strike
0-1: Ball
1-1: Ball
2-1: Ball
3-1: Swinging Strike
3-2: Fly out, F9 (Flyball, 9, EV 85.6 MPH)
Batting: RHB Jim Unknown 0-0: Ball
1-0: Ball
2-0: Fly out, F7 (Line Drive, 7S, EV 93.8 MPH)
Batting: LHB Jerry Gonzalez 0-0: Ball
1-0: Called Strike
1-1: Ground out 1-3 (Groundball, 13, EV 70.6 MPH)
Bottom of the 1st over - 0 runs, 0 hits, 0 errors, 0 left on base; Rome 2 - Charleston 0
TOP OF THE 2ND
Rome Braves batting - Pitching for Charleston RiverDogs : RHP Jim Unknown
Pitching: RHP Tom Clark
Batting: RHB Justin Goldenstein 0-0: Ball
1-0: Called Strike
1-1: Ball
2-1: Foul Ball, location: 25F
2-2: Strikes out swinging
Batting: LHB Vinny Giron 0-0: Ball
1-0: Ball
2-0: Called Strike
2-1: Ball
3-1: Foul Ball, location: 7LSF
3-2: Fly out, F9 (Line Drive, 9LM, EV 97.5 MPH)
Batting: RHB Todd Cabe 0-0: Called Strike
0-1: Called Strike
0-2: Strikes out swinging
Top of the 2nd over - 0 runs, 0 hits, 0 errors, 0 left on base; Rome 2 - Charleston 0
BOTTOM OF THE 2ND
Charleston RiverDogs batting - Pitching for Rome Braves : RHP Greg Gilbert
Batting: LHB Christian Blakeney 0-0: Called Strike
0-1: Ball
1-1: SINGLE (Line Drive, 8LS, EV 99.4 MPH)
Batting: LHB Randy Faulkner 0-0: Fly out, F8 (Flyball, 8LXD, EV 93.8 MPH)
Batting: LHB Jim Unknown 0-0: Ball
1-0: Ball
2-0: Grounds into double play, 6-4-3 (Groundball, 6, EV 84.4 MPH)
Bottom of the 2nd over - 0 runs, 1 hit, 0 errors, 0 left on base; Rome 2 - Charleston 0
TOP OF THE 3RD
Rome Braves batting - Pitching for Charleston RiverDogs : RHP Tom Clark
Batting: RHB Alejandro Rodriguez 0-0: Ball
1-0: Called Strike
1-1: Foul Ball, location: 9LMF
1-2: Strikes out swinging
Batting: LHB Brock Heitman 0-0: Fly out, F8 (Flyball, 8LD, EV 94.4 MPH)
Batting: LHB Mitch McDonald 0-0: Swinging Strike
0-1: Swinging Strike
0-2: Fly out, F8 (Flyball, 8LXD, EV 109.4 MPH)
Top of the 3rd over - 0 runs, 0 hits, 0 errors, 0 left on base; Rome 2 - Charleston 0
BOTTOM OF THE 3RD
Charleston RiverDogs batting - Pitching for Rome Braves : RHP Greg Gilbert
Batting: LHB Jim Unknown 0-0: Called Strike
0-1: SOLO HOME RUN (Flyball, 9D, EV 95.0 MPH), Distance : 369 ft
Batting: RHB Jim Unknown 0-0: Fly out, F9 (Flyball, 9S, EV 93.8 MPH)
Batting: RHB Jim Unknown 0-0: Called Strike
0-1: Foul Ball, location: 2LF
0-2: Strikes out swinging
Batting: RHB Jim Unknown 0-0: Called Strike
0-1: SINGLE (Groundball, 15, EV 68.1 MPH) (infield hit)
Batting: RHB Jim Unknown 0-0: Ball
1-0: Ball
2-0: Called Strike
2-1: Fly out, F8 (Flyball, 78D, EV 81.9 MPH)
Bottom of the 3rd over - 1 run, 2 hits, 0 errors, 1 left on base; Rome 2 - Charleston 1
TOP OF THE 4TH
Rome Braves batting - Pitching for Charleston RiverDogs : RHP Tom Clark
Batting: RHB Kevin Gricus 0-0: Called Strike
0-1: Ball
1-1: Ball
2-1: Fly out, F9 (Flyball, 9, EV 87.5 MPH)
Batting: SHB Kyle Montgomery 0-0: Foul Ball, location: 5F
0-1: Foul Ball, location: 25FF
0-2: Ball
1-2: Ball
2-2: Ball
3-2: Ground out 1-3 (Groundball, P, EV 71.9 MPH)
Batting: LHB Justin Swartz 0-0: Foul Ball, location: 7LSF
0-1: Ball
1-1: Ball
2-1: Foul Ball, location: 5SF
2-2: Foul Ball, location: 9LSF
2-2: Ball
3-2: Base on Balls
Batting: RHB Justin Goldenstein 0-0: Foul Ball, location: 3F
0-1: SINGLE (Groundball, 56D, EV 101.9 MPH)
Justin Swartz to second
Batting: LHB Vinny Giron 0-0: Called Strike
0-1: Foul Ball, location: 2F
0-2: Ball
1-2: Ball
2-2: Foul Ball, location: 7LSF
2-2: Strikes out swinging
Top of the 4th over - 0 runs, 1 hit, 0 errors, 2 left on base; Rome 2 - Charleston 1
BOTTOM OF THE 4TH
Charleston RiverDogs batting - Pitching for Rome Braves : RHP Greg Gilbert
Batting: LHB Jerry Gonzalez 0-0: Ball
1-0: Swinging Strike
1-1: Fly out, F9 (Line Drive, 89M, EV 89.4 MPH)
Batting: LHB Christian Blakeney 0-0: Called Strike
0-1: Foul Ball, location: 2F
0-2: Ball
1-2: Ball
2-2: Strikes out swinging
Batting: LHB Randy Faulkner 0-0: Ball
1-0: Foul Ball, location: 7LMF
1-1: Called Strike
1-2: Foul Ball, location: 7LSF
1-2: Ground out 1-3 (Groundball, 13S, EV 61.3 MPH)
Bottom of the 4th over - 0 runs, 0 hits, 0 errors, 0 left on base; Rome 2 - Charleston 1
TOP OF THE 5TH
Rome Braves batting - Pitching for Charleston RiverDogs : RHP Tom Clark
Batting: RHB Todd Cabe 0-0: Called Strike
0-1: SINGLE (Line Drive, 78M, EV 105.6 MPH)
Batting: RHB Alejandro Rodriguez 0-0: Fielders Choice at 2nd, 6-4 (Groundball, 56, EV 105.0 MPH)
Batting: LHB Brock Heitman 0-0: Ball
1-0: SINGLE (Groundball, 15, EV 68.8 MPH) (infield hit)
Alejandro Rodriguez to second
Batting: LHB Mitch McDonald 0-0: Called Strike
0-1: Fly out, F6 (Popup, 6, EV 66.9 MPH)
Batting: RHB Kevin Gricus 0-0: Called Strike
0-1: Foul Ball, location: 3FF
0-2: Ball
1-2: Ball
2-2: Ball
3-2: Foul Ball, location: 2F
3-2: DOUBLE (Line Drive, 7LM, EV 106.9 MPH)
Alejandro Rodriguez scores
Brock Heitman to third
Brock Heitman scores
Batting: SHB Kyle Montgomery 0-0: Swinging Strike
0-1: DOUBLE (Flyball, 89XD, EV 101.9 MPH)
Kevin Gricus scores
Batting: LHB Justin Swartz 0-0: Fly out, F6 (Line Drive, 6, EV 68.8 MPH)
Top of the 5th over - 3 runs, 4 hits, 0 errors, 1 left on base; Rome 5 - Charleston 1
BOTTOM OF THE 5TH
Charleston RiverDogs batting - Pitching for Rome Braves : RHP Greg Gilbert
Batting: LHB Jim Unknown 0-0: Called Strike
0-1: Ground out 6-3 (Groundball, 6M, EV 101.9 MPH)
Batting: LHB Jim Unknown 0-0: Ball
1-0: Foul Ball, location: 2F
1-1: Swinging Strike
1-2: Strikes out swinging
Batting: RHB Jim Unknown 0-0: Ball
1-0: Swinging Strike
1-1: SINGLE (Line Drive, 4D, EV 97.5 MPH)
Batting: RHB Jim Unknown 0-0: Ball
1-0: Ball
2-0: Called Strike
2-1: Ball
3-1: Called Strike
3-2: Foul Ball, location: 23FF
3-2: Foul Ball, location: 23FF
3-2: Strikes out swinging
Bottom of the 5th over - 0 runs, 1 hit, 0 errors, 1 left on base; Rome 5 - Charleston 1
TOP OF THE 6TH
Rome Braves batting - Pitching for Charleston RiverDogs : RHP Tom Clark
Batting: RHB Justin Goldenstein 0-0: SINGLE (Groundball, 6D, EV 98.1 MPH)
Batting: LHB Vinny Giron 0-0: Ball
1-0: Ball
2-0: DOUBLE (Flyball, 78D, EV 103.1 MPH)
Justin Goldenstein to third
Batting: RHB Todd Cabe 0-0: Called Strike
0-1: Swinging Strike
0-2: Ball
1-2: Ball
2-2: Ball
3-2: Base on Balls
Batting: RHB Alejandro Rodriguez 0-0: Grounds into fielders choice 6-2 (Groundball, 6, EV 83.1 MPH)
Vinny Giron to third
Todd Cabe to second
Batting: LHB Brock Heitman 0-0: Ball
1-0: Ball
2-0: Foul Ball, location: 7LMF
2-1: Fly out, F7 (Line Drive, 7S, EV 104.4 MPH)
Batting: LHB Mitch McDonald 0-0: Swinging Strike
0-1: Called Strike
0-2: Ball
1-2: Ground out U3 (Groundball, 34, EV 90.0 MPH)
Top of the 6th over - 0 runs, 2 hits, 0 errors, 3 left on base; Rome 5 - Charleston 1
BOTTOM OF THE 6TH
Charleston RiverDogs batting - Pitching for Rome Braves : RHP Greg Gilbert
Batting: RHB Jim Unknown 0-0: Called Strike
0-1: Swinging Strike
0-2: Strikes out swinging
Batting: RHB Jim Unknown 0-0: Ball
1-0: Ball
2-0: Called Strike
2-1: SINGLE (Flyball, 3D, EV 88.1 MPH)
Batting: LHB Jerry Gonzalez 0-0: Called Strike
0-1: TRIPLE (Flyball, 7D, EV 91.9 MPH)
Jim Unknown scores
Batting: LHB Christian Blakeney 0-0: Ground out 4-3 (Groundball, 4, EV 87.5 MPH)
Batting: LHB Randy Faulkner 0-0: Ball
1-0: Swinging Strike
1-1: Ball
2-1: Ball
3-1: Ground out 4-3 (Groundball, 4, EV 90.0 MPH)
Bottom of the 6th over - 1 run, 2 hits, 0 errors, 1 left on base; Rome 5 - Charleston 2
TOP OF THE 7TH
Rome Braves batting - Pitching for Charleston RiverDogs : RHP Tom Clark
Batting: RHB Kevin Gricus 0-0: Ball
1-0: Ball
2-0: Ball
3-0: Base on Balls
Pitching: LHP Jim Unknown
Batting: SHB Kyle Montgomery 0-0: Ball
1-0: Ball
2-0: Ball
3-0: Base on Balls
Kevin Gricus to second
Batting: LHB Justin Swartz 0-0: Called Strike
0-1: Foul Ball, location: 9LSF
0-2: Ball
1-2: Foul Ball, location: 7LMF
1-2: Foul Ball, location: 7LDF
1-2: Ball
2-2: Ball
3-2: Grounds into double play, 4-6-3 (Groundball, 4, EV 83.1 MPH)
Kevin Gricus to third
Batting: RHB Justin Goldenstein 0-0: Ball
1-0: Called Strike
1-1: Ball
2-1: Ball
3-1: Base on Balls
Pinch Hitting: RHB Bobby Quiroz 0-0: Ball
1-0: Foul Ball, location: 9LMF
1-1: Swinging Strike
1-2: Strikes out looking
Top of the 7th over - 0 runs, 0 hits, 0 errors, 2 left on base; Rome 5 - Charleston 2
BOTTOM OF THE 7TH
Charleston RiverDogs batting - Pitching for Rome Braves : RHP Greg Gilbert
Now in RF: Robby Rios
Batting: LHB Jim Unknown 0-0: Swinging Strike
0-1: Ball
1-1: Ball
2-1: SINGLE (Line Drive, 4D, EV 98.8 MPH)
Batting: LHB Jim Unknown 0-0: Ball
1-0: Fly out, F8 (Flyball, 8RS, EV 99.4 MPH)
Batting: RHB Jim Unknown 0-0: Ball
1-0: Swinging Strike
1-1: Ball
2-1: Foul Ball, location: 9LDF
2-2: Strikes out swinging
Batting: RHB Jim Unknown 0-0: Ball
1-0: Foul Ball, location: 9LDF
1-1: Ball
2-1: Fielders Choice at 2nd, 5-4 (Groundball, 56, EV 76.9 MPH)
Bottom of the 7th over - 0 runs, 1 hit, 0 errors, 1 left on base; Rome 5 - Charleston 2
TOP OF THE 8TH
Rome Braves batting - Pitching for Charleston RiverDogs : LHP Jim Unknown
Batting: RHB Todd Cabe 0-0: Ball
1-0: Swinging Strike
1-1: Fly out, F8 (Flyball, 8RM, EV 91.9 MPH)
Batting: RHB Alejandro Rodriguez 0-0: Ball
1-0: Ball
2-0: SINGLE (Line Drive, 56D, EV 95.0 MPH)
Batting: LHB Brock Heitman 0-0: Foul Ball, location: 3F
0-1: Swinging Strike
0-2: Strikes out swinging
Batting: LHB Mitch McDonald 0-0: Ball
1-0: Ball
2-0: Fly out, F9 (Flyball, 9, EV 92.5 MPH)
Top of the 8th over - 0 runs, 1 hit, 0 errors, 1 left on base; Rome 5 - Charleston 2
BOTTOM OF THE 8TH
Charleston RiverDogs batting - Pitching for Rome Braves : RHP Greg Gilbert
Now in LF: Eric Fox
Batting: RHB Jim Unknown 0-0: Fly out, F8 (Line Drive, 8LM, EV 96.9 MPH)
Batting: RHB Jim Unknown 0-0: Ground out 6-3 (Groundball, 6, EV 100.6 MPH)
Batting: LHB Jerry Gonzalez 0-0: Ball
1-0: Foul Ball, location: 5F
1-1: Fly out, F8 (Flyball, 8RD, EV 86.3 MPH)
Bottom of the 8th over - 0 runs, 0 hits, 0 errors, 0 left on base; Rome 5 - Charleston 2
TOP OF THE 9TH
Rome Braves batting - Pitching for Charleston RiverDogs : LHP Jim Unknown
Batting: RHB Kevin Gricus 0-0: Ball
1-0: Called Strike
1-1: Fly out, F8 (Flyball, 8RD, EV 97.5 MPH)
Batting: SHB Kyle Montgomery 0-0: Foul Ball, location: 25F
0-1: Foul Ball, location: 7LMF
0-2: Ball
1-2: SINGLE (Groundball, 4MD, EV 94.4 MPH)
Batting: LHB Justin Swartz 0-0: Fly out, F9 (Flyball, 89M, EV 82.5 MPH)
Batting: RHB Justin Goldenstein 0-0: Called Strike
0-1: Ball
1-1: Swinging Strike
1-2: Fly out, F7 (Flyball, 7, EV 90.6 MPH)
Top of the 9th over - 0 runs, 1 hit, 0 errors, 1 left on base; Rome 5 - Charleston 2
BOTTOM OF THE 9TH
Charleston RiverDogs batting - Pitching for Rome Braves : RHP Greg Gilbert
Pitching: RHP Barry Campbell
Batting: LHB Christian Blakeney 0-0: Ball
1-0: Ground out U3 (Groundball, 34, EV 95.0 MPH)
Batting: LHB Randy Faulkner 0-0: Ball
1-0: Called Strike
1-1: Fly out, F7 (Flyball, 78M, EV 92.5 MPH)
Batting: LHB Jim Unknown 0-0: Ball
1-0: Foul Ball, location: 2F
1-1: Ball
2-1: Called Strike
2-2: Strikes out swinging
Bottom of the 9th over - 0 runs, 0 hits, 0 errors, 0 left on base; Rome 5 - Charleston 2
Wednesday, May 8th , 2024 - OOTP Baseball 24.11 Build 85